Unix NetHack Version 5.0.0-0 post-release - last build Jun 10 2026 00:39:30 (3ee93aec679c4c4259841fe613dc97188e26a321,branch:main).

Game began 2026-06-13 15:15:36, ended 2026-06-13 15:44:10.

LDaviesPeters, neutral female human Archeologist

                            ------------                ------    ----------
   ------------             |..........-####` -----     |....|    |`.......|
   |....|......#            |..........|    # |..>.##   |....|####-........|
   |....<....@|###          |..........|    ##|...| ####.>....#   |........|
   |..........|  #          |..........-#    #..[.|     |....|#   ------.---
   -.--|-------  #          |..........|#     ---.-     ------#         #
       #         #          |..........|#       ###############         #
       #         #          -.----------#       #        ###  #         ####
       #         #           #          #       #        #    #            #
      ##         #           #          #  ######       ##    #            #
   ---.--------  #           #          #  # ###       ##     ##-----------.--
   |...........###           )        ######-.---     #`       #|............|
   |..........| #######   ######%######    #|...|    ##        #|............|
   |...........############--|---          #.....####`         #.............|
   |.)......^.|      ####  |....|#          |..^|               --------------
   ------------        ### +.._[|#          |...|
                        #  |....-#          -----
                        ###..%..|
                           ------

LDaviesPeters the Field Worker  St:17 Dx:8 Co:10 In:16 Wi:13 Ch:13  Neutral
Dlvl:2  $:0  HP:34(38) Pw:16(16) AC:2  Xp:5 T:3068 

Latest messages:
 You climb up the stairs.
 Pick a monster, object or location.
 (        a useful item (pick-axe, key, lamp...) (an unlocked chest containing 1 item)
 You see here an unlocked chest containing 1 item.
 What do you want to use or apply? [abfgklpwBE or ?*] b
 You have a little trouble removing o - an uncursed murky potion.
 n - 3 uncursed smoky potions.
 J - an uncursed swirly potion.
 G - an uncursed yellow potion.
 H - an uncursed potion of monster detection.
 r - a cursed shiny ring named Cursed.
 j - a cursed shiny ring named Cursed.
 You put an uncursed murky potion into the chest.
 You put 3 uncursed smoky potions into the chest.
 You put an uncursed swirly potion into the chest.
 You put an uncursed yellow potion into the chest.
 You put an uncursed potion of monster detection into the chest.
 You put a cursed shiny ring named Cursed into the chest.
 You put a cursed shiny ring named Cursed into the chest.
 Your movements are now unencumbered.
 What do you want to use or apply? [abfgklpwBE or ?*] b
 You put a scroll of confuse monster into the sack.
 You put a brilliant blue potion into the sack.
 You hear a jackal howling at the moon.
 You miss the werejackal.
 The werejackal bites!
 You feel feverish.
 You miss the werejackal.
 The werejackal bites!
 You kill the werejackal!
 You see here a large box.
 The large box is empty.
 You descend the stairs.
 The jackal bites!
 The jackal bites!
 You kill the jackal!
 The jackal just misses!
 You kill the jackal!
 You are beginning to feel hungry.
 You see here a jackal corpse.
 There is a jackal corpse here; eat it? [ynq] (n) y
 This jackal corpse tastes terrible!
 You cannibal!  You will regret this!
 You finish eating the jackal corpse.
 Are you sure you want to pray? [yn] (n) y
 You begin praying to Camaxtli.
 You finish your prayer.
 You feel that Camaxtli is displeased.
 Really quit without saving? [yn] (n) y
 Do you want your possessions identified? [ynq] (y) q

Inventory:
 Weapons  (')')
  i - 7 +0 darts
  a - a +2 bullwhip (weapon in right hand)
 Armor    ('[')
  M - an uncursed +0 dwarvish iron helm (being worn)
  N - a blessed +3 pair of iron shoes (being worn)
  h - an uncursed +0 leather jacket (being worn)
 Comestibles  ('%')
  E - an uncursed eucalyptus leaf
  d - 7 uncursed food rations
  L - an uncursed pancake
 Rings    ('=')
  q - an uncursed ring of poison resistance (on left hand)
 Wands    ('/')
  l - a wand of cancellation (0:6)
  B - a wand of magic missile (0:3)
 Tools    ('(')
  b - an uncursed sack containing 6 items
  k - an uncursed lock pick
  w - an uncursed magic whistle
  p - a +0 pick-axe (alternate weapon; not wielded)
  f - a tinning kit (0:86)
 Gems/Stones  ('*')
  O - an uncursed chrysoberyl stone
  I - 2 uncursed jade stones
  g - an uncursed touchstone

Contents of the sack:
  101 gold pieces
  an uncursed scroll of confuse monster
  an uncursed scroll of identify
  an uncursed scroll of remove curse
  an uncursed scroll of scare monster
  a cursed potion of blindness

LDaviesPeters the Archeologist's attributes:

Background:
 You were a Field Worker, a level 5 female human Archeologist.
 You were neutral, on a mission for Camaxtli
 who was opposed by Quetzalcoatl (lawful) and Huhetotl (chaotic).
 You were right-handed.
 You were in the Dungeons of Doom, on level 2.
 You entered the dungeon 3068 turns ago.
 You had 203 experience points, 117 more were needed to attain level 6.

Basics:
 You had 34 out of 38 hit points.
 You had all 16 energy points (spell power).
 Your armor class was 2.
 Your wallet was empty, but
 you had 101 zorkmids stashed away in your pack.
 Autopickup was off.

Final Characteristics:
 Your strength was 17 (limit:18/100).
 Your dexterity was 8 (peak:9, limit:18).
 Your constitution was 10 (limit:18).
 Your intelligence was 16 (limit:18).
 Your wisdom was 13 (limit:18).
 Your charisma was 13 (limit:18).

Final Status:
 You weren't hungry.
 You were unencumbered.
 You were wielding a whip.
 You had basic skill with whip and could have enhanced that.

Final Attributes:
 You were piously aligned.
 You were poison resistant.
 You were level-drain resistant.
 You were telepathic.
 You had automatic searching.
 You were stealthy.
 You aggravated monsters.
 You were a werejackal.
 You were harmed by silver.
 You were very unlucky.
 You survived.

Miscellaneous:
 You didn't encounter any bones levels.
 Total elapsed playing time was 28 minutes and 33 seconds.

Major events:
 Turn
    1: LDaviesPeters the neutral female human Archeologist entered the dungeon
  829: entered the Gnomish Mines
 1380: attained the rank of Field Worker (level 3)
 3068: quit

Spells:
 Name                 Level Category     Fail Retention
 haste self             3   escape       100%  76%-100%

Skills:
 Fighting Skills
   bare handed combat [Unskilled]
   two weapon combat  [Unskilled]
   riding             [Unskilled]
 Weapon Skills
   dagger             [Unskilled]
   knife              [Unskilled]
   pick-axe           [Basic]
   short sword        [Unskilled]
   saber              [Unskilled]
   club               [Unskilled]
   quarterstaff       [Unskilled]
   sling              [Unskilled]
   dart               [Unskilled]
   boomerang          [Unskilled]
   whip               [Basic]
   unicorn horn       [Unskilled]
 Spellcasting Skills
   attack spells      [Unskilled]
   healing spells     [Unskilled]
   divination spells  [Unskilled]
   matter spells      [Unskilled]

Voluntary challenges:
 Character rerolling was not enabled.
 You never genocided any monsters.
 You never polymorphed an object.
 You never changed form.
 You used no wishes.
Achievements:
 You entered the Gnomish Mines.
 You attained the rank of Field Worker.

 The Dungeons of Doom: levels 1 to 6
    Level 1:
       Some fountains.
    Level 2: <- You were here.
       An altar to Camaxtli, a grave.
       Stairs down to The Gnomish Mines.
    Level 3:
       An altar, a sink.
    Level 4:
    Level 5:
       Many fountains.
    Level 6:
 The Gnomish Mines:
    Level 3:


Vanquished creatures:
  a shrieker
  3 gnome leaders
  a floating eye
  2 dwarves
  a kobold shaman
  a centipede
 an orc zombie
  a dwarf zombie
  2 werejackals
 an iguana
  a cave spider
  7 gnomes
  4 geckos
 15 jackals
  2 foxes
  a goblin
  6 grid bugs
  4 lichens
  8 newts
62 creatures vanquished.

No species were genocided or became extinct.

Goodbye LDaviesPeters the Archeologist...

You quit in The Dungeons of Doom on dungeon level 2 with 1173 points,
and 101 pieces of gold, after 3068 moves.
You were level 5 with a maximum of 38 hit points when you quit.

